Rangers vs BlueJackets

Created - Thursday, October 09, 2014 at 23:02

Goals
1 2 3 T
Rangers 1 1 2 4
BlueJackets 1 1 0 2
Shots
1 2 3 T
Rangers 10 10 8 28
BlueJackets 17 3 14 34

1st period

1. Rangers , Jay McClement 1 (Daniel Sedin, Jamie McBain) at 4:01 (PP)
2. BlueJackets , Gabriel Bourque 1 (Ron Hainsey, Derick Brassard) at 5:01

Penalties :
Derick Brassard (Clb) for Slashing (Minor) at 3:04, Maxim Lapierre (NYR) for High sticking (Minor) at 12:50, Kevin Bieksa (NYR) for Hooking (Minor) at 19:32

2nd period

3. BlueJackets , Vernon Fiddler 1 (Vincent Lecavalier) at 0:10 (PP)
4. Rangers , Kevin Shattenkirk 1 (James van Riemsdyk, Matt Moulson) at 19:46 (PP)

Penalties :
Andrej Meszaros (Clb) for Hooking (Minor) at 8:26, Dustin Brown (Clb) for High sticking (Minor) at 11:20, Vincent Lecavalier (Clb) for Hooking (Minor) at 13:40, James van Riemsdyk (NYR) for Roughing (Minor) at 17:32, Tobias Enstrom (Clb) for Delaying the game (Minor) at 18:17

3rd period

5. Rangers , Logan Couture 1 (James van Riemsdyk, Daniel Alfredsson) at 12:31
6. Rangers , Philip Larsen 1 (Todd Bertuzzi) at 15:20

Penalties :
James van Riemsdyk (NYR) for Hooking (Minor) at 0:15, James van Riemsdyk (NYR) for Hooking (Minor) at 4:34

Goalie Stats

Jaroslav Halak (NYR), 32 saves from 34 shots - (0.941), W, 1-0-1, 60:00 minutes
Joni Ortio (Clb), 24 saves from 28 shots - (0.857), L, 0-2-0, 60:00 minutes

Players Stats for Rangers

Player Name              G  A  P  +/- PIM S  H  SB GA TA FO     MP     PP MP  PK MP  
------------------------------------------------------------------------------------
Barret Jackman           0  0  0   0  0   3  4  0  0  1  0/0    20:23   2:39   2:50 
Brad Richardson          0  0  0   0  0   0  4  0  0  1  2/3    14:38   0:15   2:54 
Daniel Alfredsson        0  1  1   0  0   1  0  0  0  1  0/0    15:32   3:32   0:25 
Daniel Sedin             0  1  1   1  0   5  2  1  3  0  0/0    19:25   3:22   1:48 
Francis Bouillon         0  0  0   2  0   2  1  2  0  0  0/0    14:36   0:00   0:00 
James van Riemsdyk       0  2  2   0  6   3  1  0  0  0  5/23   22:56   3:07   1:47 
Jamie McBain             0  1  1   0  0   1  1  0  0  1  0/0    20:23   2:39   2:50 
Jay McClement            1  0  1   1  0   3  1  1  0  3  5/13   19:06   3:22   1:38 
Jeff Halpern             0  0  0   0  0   0  0  0  0  1  3/6     8:22   0:00   0:36 
Jeff Skinner             0  0  0   0  0   0  0  0  2  0  1/5    14:39   0:40   0:00 
Kevin Bieksa             0  0  0  -1  2   0  2  4  0  5  0/0    23:14   4:30   3:52 
Kevin Shattenkirk        1  0  1   0  0   4  2  2  3  1  0/0    25:11   4:30   4:30 
Logan Couture            1  0  1   0  0   1  2  0  0  0  0/1    21:41   3:32   5:32 
Matt Moulson             0  1  1   0  0   2  0  0  1  0  0/1    12:05   0:15   0:00 
Maxim Lapierre           0  0  0   0  2   0  2  0  0  0  0/0     7:26   0:00   0:00 
Nate Guenin              0  0  0   0  0   0  0  0  0  1  0/0    11:59   0:00   0:38 
Philip Larsen            1  0  1   1  0   1  0  0  0  0  0/0     4:11   0:00   0:00 
Todd Bertuzzi            0  1  1   1  0   2  3  1  1  0  1/2    15:29   3:22   0:00 

Players Stats for BlueJackets

Player Name              G  A  P  +/- PIM S  H  SB GA TA FO     MP     PP MP  PK MP  
------------------------------------------------------------------------------------
Andrej Meszaros          0  0  0   0  2   1  1  0  0  2  0/0    14:15   0:00   0:15 
Andrew Ference           0  0  0  -1  0   3  0  0  0  0  0/0    14:16   0:00   0:00 
Brent Burns              0  0  0   0  0   1  4  0  4  0  1/1    22:53   3:39   1:32 
Carl Gunnarsson          0  0  0  -1  0   2  1  2  0  0  0/0    15:47   3:41   0:00 
Daniel Winnik            0  0  0   0  0   1  1  0  0  1  1/3    14:28   3:30   3:55 
David Desharnais         0  0  0   1  0   1  1  0  3  1  6/8    17:39   3:30   2:07 
Derick Brassard          0  1  1   1  2   1  0  1  4  0  1/1    16:01   0:00   2:19 
Dustin Brown             0  0  0  -2  2   3  2  0  5  0  1/1    20:30   3:50   1:32 
Erik Cole                0  0  0   0  0   2  0  0  0  0  6/7    15:00   3:30   0:00 
Gabriel Bourque          1  0  1   1  0   2  1  0  0  0  0/0    12:12   0:00   0:00 
Kevin Klein              0  0  0  -1  0   3  0  2  0  0  0/0    15:04   0:00   1:17 
Ron Hainsey              0  1  1   0  0   2  2  3  1  0  0/0    28:20   3:41   5:52 
Ryan Garbutt             0  0  0   0  0   1  2  0  0  0  0/2    11:13   0:00   0:00 
Teddy Purcell            0  0  0  -2  0   3  0  0  2  0  2/2    13:30   0:00   0:00 
Tobias Enstrom           0  0  0   0  2   2  1  2  2  1  0/0    23:00   3:38   5:37 
Tyson Strachan           0  0  0   1  0   1  0  1  0  0  0/0     3:11   0:00   0:00 
Vernon Fiddler           1  0  1   0  0   2  0  1  0  0  10/14  16:08   3:50   4:10 
Vincent Lecavalier       0  1  1  -2  2   3  1  1  1  0  9/15   18:00   3:50   0:00 

3 Stars

1 - Jay McClement (NYR)
2 - Gabriel Bourque (Clb)
3 - Kevin Shattenkirk (NYR)

Power Play

Rangers - 2 on 5 Attempt(s) - 40.00%
BlueJackets - 1 on 5 Attempt(s) - 20.00%

Penalty Kill

Rangers - 4 on 5 Attempt(s) - 80.00% - Score 0 goal in Penalty Kill
BlueJackets - 3 on 5 Attempt(s) - 60.00% - Score 0 goal in Penalty Kill

Official

Referees : Unknown
Linesman : Unknown

Game Notes

Kevin Bieksa is injured at 12:08 of 3rd period (Torn Left MCL)

Finance

Level 1 -- Attendance: 3952 (65.87%) -- Ticket Income $395,200
Level 2 -- Attendance: 3449 (68.98%) -- Ticket Income $206,940
Level 3 -- Attendance: 1400 (70.00%) -- Ticket Income $49,000
Level 4 -- Attendance: 3665 (91.63%) -- Ticket Income $73,300
Luxury Box -- Attendance: 685 (68.50%) -- Ticket Income $137,000
Game was played at the Nationwide Arena
Total Attendance: 13151 (73.06%)
Total Ticket Income: $861,440
Other Income: $422,106
Total Income: $1,283,546

Rangers

5 vs 5 Forward 
   Center                   Left Wing                Right Wing               Time % Phy DF OF 
 1 James van Riemsdyk       Logan Couture            Daniel Alfredsson        35     1   2  2  
 2 Jay McClement            Daniel Sedin             Todd Bertuzzi            30     1   2  2  
 3 Jeff Skinner             Matt Moulson             Brad Richardson          22     1   2  2  
 4 Jeff Halpern             James van Riemsdyk       Maxim Lapierre           13     1   2  2  

5 vs 5 Defense 
   Defense                  Defense                                           Time % Phy DF OF 
 1 Kevin Bieksa             Kevin Shattenkirk                                 35     1   2  2  
 2 Barret Jackman           Jamie McBain                                      30     1   2  2  
 3 Francis Bouillon         Nate Guenin                                       22     1   2  2  
 4 Philip Larsen            Kevin Bieksa                                      13     1   2  2  

PowerPlay Forward 
   Center                   Left Wing                Right Wing               Time % Phy DF OF 
 1 James van Riemsdyk       Logan Couture            Daniel Alfredsson        60     1   2  2  
 2 Jay McClement            Daniel Sedin             Todd Bertuzzi            40     1   2  2  

PowerPlay Defense
   Defense                  Defense                                           Time % Phy DF OF 
 1 Kevin Bieksa             Kevin Shattenkirk                                 60     1   2  2  
 2 Barret Jackman           Jamie McBain                                      40     1   2  2  

Penalty Kill 4 Players Forward 
   Center                   Wing                     Time % Phy DF OF 
 1 James van Riemsdyk       Logan Couture            60     1   2  2  
 2 Daniel Alfredsson        Daniel Sedin             40     1   2  2  

Penalty Kill 4 Players Defense
   Defense                  Defense                  Time % Phy DF OF 
 1 Kevin Bieksa             Kevin Shattenkirk        60     1   2  2  
 2 Barret Jackman           Jamie McBain             40     1   2  2  

Penalty Kill - 3 Players Forward 
   Forward                                           Time % Phy DF OF 
 1 James van Riemsdyk                                60     1   2  2  
 2 Logan Couture                                     40     1   2  2  

Penalty Kill - 3 Players Defense
   Defense                  Defense                  Time % Phy DF OF 
 1 Kevin Bieksa             Kevin Shattenkirk        60     1   2  2  
 2 Barret Jackman           Jamie McBain             40     1   2  2  

4 vs 4 Forward 
   Center                   Wing                     Time % Phy DF OF 
 1 James van Riemsdyk       Logan Couture            60     1   2  2  
 2 Daniel Alfredsson        Daniel Sedin             40     1   2  2  

4 vs 4 Defense
   Defense                  Defense                  Time % Phy DF OF 
 1 Kevin Bieksa             Kevin Shattenkirk        60     1   2  2  
 2 Barret Jackman           Jamie McBain             40     1   2  2  

Last Minutes Offensive
   Center                   Left Wing                Right Wing               Defense                  Defense                  
   James van Riemsdyk       Logan Couture            Daniel Alfredsson        Kevin Bieksa             Kevin Shattenkirk        

Last Minutes Defensive
   Center                   Left Wing                Right Wing               Defense                  Defense                  
   James van Riemsdyk       Logan Couture            Daniel Alfredsson        Kevin Bieksa             Kevin Shattenkirk        

Goaltenders
Starting : Jaroslav Halak           
Backup : Tom McCollum             

Extra Forwards
Normal : Jeff Skinner, Matt Moulson, Brad Richardson - PP : Jeff Skinner, Matt Moulson - PK : Brad Richardson
Extra Defensemen
Normal : Francis Bouillon, Nate Guenin, Philip Larsen - PP : Francis Bouillon - PK : Nate Guenin, Philip Larsen
Penalty Shots
James van Riemsdyk, Logan Couture, Maxim Lapierre, Matt Moulson, Kevin Shattenkirk

BlueJackets

5 vs 5 Forward 
   Center                   Left Wing                Right Wing               Time % Phy DF OF 
 1 Vincent Lecavalier       Dustin Brown             Teddy Purcell            32     1   2  2  
 2 Erik Cole                Ryan Garbutt             Brent Burns              27     1   2  2  
 3 David Desharnais         Derick Brassard          Gabriel Bourque          27     1   2  2  
 4 Vernon Fiddler           Brent Burns              Daniel Winnik            14     1   2  2  

5 vs 5 Defense 
   Defense                  Defense                                           Time % Phy DF OF 
 1 Ron Hainsey              Andrew Ference                                    35     1   2  2  
 2 Andrej Meszaros          Tobias Enstrom                                    30     1   2  2  
 3 Carl Gunnarsson          Kevin Klein                                       22     1   2  2  
 4 Tyson Strachan           Ron Hainsey                                       13     1   2  2  

PowerPlay Forward 
   Center                   Left Wing                Right Wing               Time % Phy DF OF 
 1 Vernon Fiddler           Dustin Brown             Vincent Lecavalier       60     1   2  2  
 2 Daniel Winnik            David Desharnais         Erik Cole                40     1   2  2  

PowerPlay Defense
   Defense                  Defense                                           Time % Phy DF OF 
 1 Tobias Enstrom           Brent Burns                                       60     1   2  2  
 2 Carl Gunnarsson          Ron Hainsey                                       40     1   2  2  

Penalty Kill 4 Players Forward 
   Center                   Wing                     Time % Phy DF OF 
 1 Vernon Fiddler           Daniel Winnik            60     1   2  2  
 2 Dustin Brown             Derick Brassard          40     1   2  2  

Penalty Kill 4 Players Defense
   Defense                  Defense                  Time % Phy DF OF 
 1 Ron Hainsey              Tobias Enstrom           60     1   2  2  
 2 Brent Burns              Kevin Klein              40     1   2  2  

Penalty Kill - 3 Players Forward 
   Forward                                           Time % Phy DF OF 
 1 Vernon Fiddler                                    60     1   2  2  
 2 Daniel Winnik                                     40     1   2  2  

Penalty Kill - 3 Players Defense
   Defense                  Defense                  Time % Phy DF OF 
 1 Ron Hainsey              Tobias Enstrom           60     1   2  2  
 2 Brent Burns              Kevin Klein              40     1   2  2  

4 vs 4 Forward 
   Center                   Wing                     Time % Phy DF OF 
 1 Brent Burns              Vernon Fiddler           60     1   2  2  
 2 Vincent Lecavalier       Dustin Brown             40     1   2  2  

4 vs 4 Defense
   Defense                  Defense                  Time % Phy DF OF 
 1 Ron Hainsey              Tobias Enstrom           60     1   2  2  
 2 Kevin Klein              Carl Gunnarsson          40     1   2  2  

Last Minutes Offensive
   Center                   Left Wing                Right Wing               Defense                  Defense                  
   Vincent Lecavalier       Dustin Brown             Erik Cole                Tobias Enstrom           Brent Burns              

Last Minutes Defensive
   Center                   Left Wing                Right Wing               Defense                  Defense                  
   Vincent Lecavalier       Dustin Brown             Erik Cole                Ron Hainsey              Andrew Ference           

Goaltenders
Starting : Joni Ortio               
Backup : Troy Grosenick           

Extra Forwards
Normal : David Desharnais, Dustin Brown, Vernon Fiddler - PP : David Desharnais, Dustin Brown - PK : Vernon Fiddler
Extra Defensemen
Normal : Tobias Enstrom, Kevin Klein, Ron Hainsey - PP : Tobias Enstrom - PK : Kevin Klein, Ron Hainsey
Penalty Shots
Vernon Fiddler, David Desharnais, Brent Burns, Dustin Brown, Derick Brassard

% Time on Ice - Rangers

Lines # - Real PCT - Wanted PCT - Time Play
Normal Forward
1 - 31% - 35% - 13:43
2 - 27% - 30% - 12:07
3 - 25% - 22% - 11:09
4 - 16% - 13% - 7:18
Normal Defense
1 - 36% - 35% - 15:59
2 - 31% - 30% - 13:52
3 - 23% - 22% - 10:14
4 - 9% - 13% - 4:12
PP Forward
1 - 53% - 60% - 3:47
2 - 47% - 40% - 3:22
PP Defense
1 - 63% - 60% - 4:30
2 - 37% - 40% - 2:39
PK Forward
1 - 94% - 60% - 6:55
2 - 6% - 40% - 0:25
PK Defense
1 - 61% - 60% - 4:30
2 - 39% - 40% - 2:50
PK3 Forward
1 - 0% - 60%
2 - 0% - 40%
PK3 Defense
1 - 0% - 60%
2 - 0% - 40%
44 Forward
1 - 100% - 60% - 1:14
2 - 0% - 40% - 0:00
44 Defense
1 - 16% - 60% - 0:12
2 - 84% - 40% - 1:02
Last Minute Offensive  - 0:00
Last Minute Defensive  - 0:00
Total
Forward - 60:00
Defense - 60:00

% Time on Ice - BlueJackets

Lines # - Real PCT - Wanted PCT - Time Play
Normal Forward
1 - 33% - 32% - 14:31
2 - 26% - 27% - 11:30
3 - 28% - 27% - 12:12
4 - 14% - 14% - 6:04
Normal Defense
1 - 33% - 35% - 14:39
2 - 33% - 30% - 14:27
3 - 27% - 22% - 12:00
4 - 7% - 13% - 3:11
PP Forward
1 - 52% - 60% - 3:50
2 - 48% - 40% - 3:30
PP Defense
1 - 50% - 60% - 3:39
2 - 50% - 40% - 3:41
PK Forward
1 - 86% - 60% - 6:08
2 - 14% - 40% - 1:01
PK Defense
1 - 82% - 60% - 5:52
2 - 18% - 40% - 1:17
PK3 Forward
1 - 0% - 60%
2 - 0% - 40%
PK3 Defense
1 - 0% - 60%
2 - 0% - 40%
44 Forward
1 - 100% - 60% - 1:14
2 - 0% - 40% - 0:00
44 Defense
1 - 100% - 60% - 1:14
2 - 0% - 40% - 0:00
Last Minute Offensive  - 0:00
Last Minute Defensive  - 0:00
Total
Forward - 60:00
Defense - 60:00

Play by Play

1st period


0:01 of 1st period - Vincent Lecavalier wins face-off versus James van Riemsdyk in neutral zone.
0:33 of 1st period - Kevin Bieksa is hit by Ron Hainsey and loses puck.
1:01 of 1st period - Snap shot by Todd Bertuzzi.
1:01 of 1st period - Shot Blocked by Ron Hainsey.
1:03 of 1st period - Slapshot by Barret Jackman.
1:03 of 1st period - Stopped by Joni Ortio with a rebound.
1:05 of 1st period - Snap shot by Jamie McBain.
1:05 of 1st period - Shot Blocked by Ron Hainsey.
2:07 of 1st period - Wrist shot by Matt Moulson.
2:07 of 1st period - Stopped by Joni Ortio without a rebound.
2:08 of 1st period - Jeff Halpern wins face-off versus Vincent Lecavalier in BlueJackets zone.
2:33 of 1st period - Snap shot by Vincent Lecavalier.
2:33 of 1st period - Stopped by Jaroslav Halak with a rebound.
2:35 of 1st period - Slapshot by Kevin Klein.
2:35 of 1st period - Stopped by Jaroslav Halak with a rebound.
2:37 of 1st period - Wrist shot by Dustin Brown.
2:37 of 1st period - Shot Blocked by Kevin Bieksa.
2:39 of 1st period - Slapshot by Kevin Klein.
2:39 of 1st period - Stopped by Jaroslav Halak without a rebound.
2:40 of 1st period - Jay McClement wins face-off versus David Desharnais in Rangers zone.
2:47 of 1st period - Wrist shot by Todd Bertuzzi.
2:47 of 1st period - Stopped by Joni Ortio with a rebound.
3:04 of 1st period - Minor Penalty to Derick Brassard for Slashing.
3:05 of 1st period - Vernon Fiddler wins face-off versus James van Riemsdyk in BlueJackets zone.
3:53 of 1st period - Wrist shot by Daniel Sedin.
3:53 of 1st period - Shot Misses the Net.
3:55 of 1st period - Snap shot by Jay McClement.
3:55 of 1st period - Stopped by Joni Ortio with a rebound.
3:57 of 1st period - Snap shot by Barret Jackman.
3:57 of 1st period - Stopped by Joni Ortio with a rebound.
3:59 of 1st period - Slapshot by Jamie McBain.
3:59 of 1st period - Deflect By Daniel Sedin.
3:59 of 1st period - Stopped by Joni Ortio with a rebound.
4:01 of 1st period - Snap shot by Jay McClement.
4:01 of 1st period - Goal by Jay McClement - Rangers : 1 - BlueJackets : 0.
4:02 of 1st period - Erik Cole wins face-off versus Jeff Skinner in neutral zone.
4:35 of 1st period - Icing by Carl Gunnarsson.
4:36 of 1st period - Erik Cole wins face-off versus James van Riemsdyk in BlueJackets zone.
4:45 of 1st period - Slapshot by Erik Cole.
4:45 of 1st period - Stopped by Jaroslav Halak with a rebound.
4:47 of 1st period - Snap shot by Ryan Garbutt.
4:47 of 1st period - Shot Misses the Net.
4:49 of 1st period - Slapshot by Carl Gunnarsson.
4:49 of 1st period - Deflect By Logan Couture.
4:49 of 1st period - Stopped by Jaroslav Halak without a rebound.
4:50 of 1st period - Derick Brassard wins face-off versus James van Riemsdyk in Rangers zone.
4:57 of 1st period - Wrist shot by Derick Brassard.
4:57 of 1st period - Shot Hit the Post.
4:59 of 1st period - Slapshot by Ron Hainsey.
4:59 of 1st period - Stopped by Jaroslav Halak with a rebound.
5:01 of 1st period - Snap shot by Gabriel Bourque.
5:01 of 1st period - Goal by Gabriel Bourque - Rangers : 1 - BlueJackets : 1.
5:02 of 1st period - Vernon Fiddler wins face-off versus James van Riemsdyk in neutral zone.
5:07 of 1st period - Wrist shot by Brent Burns.
5:07 of 1st period - Shot Blocked by Kevin Bieksa.
5:09 of 1st period - Slapshot by Tobias Enstrom.
5:09 of 1st period - Shot Misses the Net.
5:11 of 1st period - Backhand shot by Andrej Meszaros.
5:11 of 1st period - Deflect By James van Riemsdyk.
5:11 of 1st period - Stopped by Jaroslav Halak without a rebound.
5:12 of 1st period - Vernon Fiddler wins face-off versus James van Riemsdyk in Rangers zone.
5:47 of 1st period - Slapshot by Andrej Meszaros.
5:47 of 1st period - Deflect By Brent Burns.
5:47 of 1st period - Shot Misses the Net.
5:47 of 1st period - Puck is out of play.
5:48 of 1st period - Vincent Lecavalier wins face-off versus Jay McClement in Rangers zone.
5:53 of 1st period - Snap shot by Teddy Purcell.
5:53 of 1st period - Shot Blocked by Todd Bertuzzi.
5:55 of 1st period - Slapshot by Tyson Strachan.
5:55 of 1st period - Deflect By Nate Guenin.
5:55 of 1st period - Stopped by Jaroslav Halak with a rebound.
5:57 of 1st period - Slapshot by Tyson Strachan.
5:57 of 1st period - Deflect By Vincent Lecavalier.
5:57 of 1st period - Shot Misses the Net.
5:57 of 1st period - Puck is out of play.
5:58 of 1st period - Vincent Lecavalier wins face-off versus Jay McClement in Rangers zone.
6:01 of 1st period - Wrist shot by Dustin Brown.
6:01 of 1st period - Stopped by Jaroslav Halak with a rebound.
6:31 of 1st period - Snap shot by Teddy Purcell.
6:31 of 1st period - Shot Misses the Net.
6:33 of 1st period - Snap shot by Dustin Brown.
6:33 of 1st period - Stopped by Jaroslav Halak with a rebound.
7:19 of 1st period - Off-side.
7:20 of 1st period - Erik Cole wins face-off versus Jeff Skinner in neutral zone.
7:30 of 1st period - Slapshot by Tobias Enstrom.
7:30 of 1st period - Deflect By Brent Burns.
7:30 of 1st period - Shot Misses the Net.
7:30 of 1st period - Puck is out of play.
7:31 of 1st period - Erik Cole wins face-off versus Jeff Skinner in Rangers zone.
8:16 of 1st period - Andrej Meszaros is hit by Jamie McBain and loses puck.
8:49 of 1st period - Backhand shot by Kevin Shattenkirk.
8:49 of 1st period - Deflect By Maxim Lapierre.
8:49 of 1st period - Shot Blocked by Vincent Lecavalier.
8:49 of 1st period - Puck is out of play.
8:50 of 1st period - Jay McClement wins face-off versus David Desharnais in BlueJackets zone.
9:03 of 1st period - Wrist shot by Todd Bertuzzi.
9:03 of 1st period - Stopped by Joni Ortio with a rebound.
9:07 of 1st period - Snap shot by Daniel Sedin.
9:07 of 1st period - Stopped by Joni Ortio with a rebound.
9:09 of 1st period - Slapshot by Daniel Sedin.
9:09 of 1st period - Shot Misses the Net.
9:23 of 1st period - Wrist shot by Daniel Sedin.
9:23 of 1st period - Stopped by Joni Ortio with a rebound.
9:48 of 1st period - Logan Couture is hit by Daniel Winnik and loses puck.
10:25 of 1st period - Snap shot by Vincent Lecavalier.
10:25 of 1st period - Stopped by Jaroslav Halak with a rebound.
10:27 of 1st period - Slapshot by Kevin Klein.
10:27 of 1st period - Stopped by Jaroslav Halak without a rebound.
10:28 of 1st period - Jeff Skinner wins face-off versus Vincent Lecavalier in Rangers zone.
11:22 of 1st period - Jamie McBain is hit by Brent Burns and loses puck.
11:42 of 1st period - Jay McClement is hit by David Desharnais and loses puck.
12:22 of 1st period - Icing by Carl Gunnarsson.
12:23 of 1st period - Vernon Fiddler wins face-off versus Jeff Halpern in BlueJackets zone.
12:40 of 1st period - Snap shot by Brent Burns.
12:40 of 1st period - Shot Misses the Net.
12:42 of 1st period - Snap shot by Daniel Winnik.
12:42 of 1st period - Shot Misses the Net.
12:44 of 1st period - Snap shot by Daniel Winnik.
12:44 of 1st period - Stopped by Jaroslav Halak with a rebound.
12:50 of 1st period - Minor Penalty to Maxim Lapierre for High sticking.
12:51 of 1st period - James van Riemsdyk wins face-off versus Vernon Fiddler in Rangers zone.
13:47 of 1st period - Wrist shot by James van Riemsdyk.
13:47 of 1st period - Shot Blocked by Ron Hainsey.
14:31 of 1st period - Logan Couture is hit by Tobias Enstrom and loses puck.
14:50 of 1st period - Penalty to Maxim Lapierre is over, Maxim Lapierre is back on ice.
14:58 of 1st period - Snap shot by Dustin Brown.
14:58 of 1st period - Deflect By Vincent Lecavalier.
14:58 of 1st period - Shot Misses the Net.
14:58 of 1st period - Puck is out of play.
14:59 of 1st period - Vincent Lecavalier wins face-off versus Jay McClement in Rangers zone.
15:47 of 1st period - Matt Moulson is hit by Gabriel Bourque and loses puck.
15:58 of 1st period - Andrew Ference is hit by Francis Bouillon and loses puck.
16:05 of 1st period - Ryan Garbutt is hit by Brad Richardson and loses puck.
16:37 of 1st period - Off-side.
16:38 of 1st period - Vincent Lecavalier wins face-off versus Jeff Halpern in neutral zone.
17:07 of 1st period - Slapshot by Vernon Fiddler.
17:07 of 1st period - Stopped by Jaroslav Halak with a rebound.
17:35 of 1st period - Slapshot by David Desharnais.
17:35 of 1st period - Shot Misses the Net.
18:34 of 1st period - Tyson Strachan is hit by Barret Jackman.
18:56 of 1st period - Snap shot by Todd Bertuzzi.
18:56 of 1st period - Shot Blocked by Tyson Strachan.
18:58 of 1st period - Wrist shot by Kevin Bieksa.
18:58 of 1st period - Deflect By Daniel Sedin.
18:58 of 1st period - Shot Misses the Net.
18:58 of 1st period - Puck is out of play.
18:59 of 1st period - David Desharnais wins face-off versus Jay McClement in BlueJackets zone.
18:59 of 1st period - David Desharnais is hit by Daniel Sedin.
19:07 of 1st period - Wrist shot by Derick Brassard.
19:07 of 1st period - Shot Misses the Net.
19:09 of 1st period - Slapshot by Carl Gunnarsson.
19:09 of 1st period - Shot Blocked by Jay McClement.
19:27 of 1st period - Wrist shot by Ryan Garbutt.
19:27 of 1st period - Stopped by Jaroslav Halak with a rebound.
19:29 of 1st period - Slapshot by Carl Gunnarsson.
19:29 of 1st period - Stopped by Jaroslav Halak without a rebound.
19:30 of 1st period - James van Riemsdyk wins face-off versus Ryan Garbutt in Rangers zone.
19:32 of 1st period - Minor Penalty to Kevin Bieksa for Hooking.
19:33 of 1st period - Daniel Winnik wins face-off versus James van Riemsdyk in Rangers zone.
19:53 of 1st period - Kevin Shattenkirk is hit by Carl Gunnarsson and loses puck.
Goals for this period are 1 for Rangers vs 1 for BlueJackets.
Shots for this period are 10 for Rangers vs 17 for BlueJackets.

2nd period


0:01 of 2nd period - Vernon Fiddler wins face-off versus James van Riemsdyk in neutral zone.
0:08 of 2nd period - Snap shot by Vincent Lecavalier.
0:08 of 2nd period - Shot Blocked by Kevin Shattenkirk.
0:10 of 2nd period - Wrist shot by Vernon Fiddler.
0:10 of 2nd period - Goal by Vernon Fiddler - Rangers : 1 - BlueJackets : 2.
0:11 of 2nd period - Dustin Brown wins face-off versus James van Riemsdyk in neutral zone.
0:55 of 2nd period - Icing by Ron Hainsey.
0:56 of 2nd period - Vincent Lecavalier wins face-off versus Jay McClement in BlueJackets zone.
1:37 of 2nd period - Teddy Purcell is hit by Daniel Sedin and loses puck.
1:56 of 2nd period - Brent Burns is hit by Brad Richardson and loses puck.
2:47 of 2nd period - Snap shot by Derick Brassard.
2:47 of 2nd period - Shot Misses the Net.
2:53 of 2nd period - Tobias Enstrom is hit by Kevin Bieksa and loses puck.
3:18 of 2nd period - Wrist shot by James van Riemsdyk.
3:18 of 2nd period - Stopped by Joni Ortio with a rebound.
3:20 of 2nd period - Wrist shot by Jeff Halpern.
3:20 of 2nd period - Shot Blocked by Derick Brassard.
3:22 of 2nd period - Slapshot by Nate Guenin.
3:22 of 2nd period - Shot Misses the Net.
3:24 of 2nd period - Snap shot by Francis Bouillon.
3:24 of 2nd period - Deflect By Andrej Meszaros.
3:24 of 2nd period - Stopped by Joni Ortio with a rebound.
5:07 of 2nd period - Snap shot by James van Riemsdyk.
5:07 of 2nd period - Stopped by Joni Ortio with a rebound.
5:09 of 2nd period - Snap shot by Barret Jackman.
5:09 of 2nd period - Shot Blocked by Carl Gunnarsson.
5:35 of 2nd period - Slapshot by Tobias Enstrom.
5:35 of 2nd period - Stopped by Jaroslav Halak without a rebound.
5:36 of 2nd period - Vincent Lecavalier wins face-off versus Jay McClement in Rangers zone.
6:26 of 2nd period - Kevin Shattenkirk is hit by Vincent Lecavalier and loses puck.
7:31 of 2nd period - Slapshot by Jamie McBain.
7:31 of 2nd period - Shot Misses the Net.
8:02 of 2nd period - Wrist shot by Daniel Sedin.
8:02 of 2nd period - Stopped by Joni Ortio with a rebound.
8:26 of 2nd period - Minor Penalty to Andrej Meszaros for Hooking.
8:27 of 2nd period - Vernon Fiddler wins face-off versus James van Riemsdyk in BlueJackets zone.
9:05 of 2nd period - Tobias Enstrom is hit by Todd Bertuzzi and loses puck.
9:18 of 2nd period - Tobias Enstrom is hit by Jay McClement and loses puck.
9:57 of 2nd period - Ron Hainsey is hit by Todd Bertuzzi and loses puck.
10:26 of 2nd period - Penalty to Andrej Meszaros is over, Andrej Meszaros is back on ice.
11:17 of 2nd period - Slapshot by Francis Bouillon.
11:17 of 2nd period - Deflect By James van Riemsdyk.
11:17 of 2nd period - Shot Blocked by Kevin Klein.
11:17 of 2nd period - Puck is out of play.
11:18 of 2nd period - Erik Cole wins face-off versus Jeff Halpern in BlueJackets zone.
11:20 of 2nd period - Minor Penalty to Dustin Brown for High sticking.
11:21 of 2nd period - Jay McClement wins face-off versus Vernon Fiddler in BlueJackets zone.
11:23 of 2nd period - Snap shot by Daniel Sedin.
11:23 of 2nd period - Shot Misses the Net.
12:03 of 2nd period - Wrist shot by Logan Couture.
12:03 of 2nd period - Shot Blocked by Vernon Fiddler.
12:46 of 2nd period - Off-side.
12:47 of 2nd period - David Desharnais wins face-off versus James van Riemsdyk in neutral zone.
13:20 of 2nd period - Penalty to Dustin Brown is over, Dustin Brown is back on ice.
13:25 of 2nd period - Off-side.
13:26 of 2nd period - Brad Richardson wins face-off versus Vincent Lecavalier in neutral zone.
13:37 of 2nd period - Off-side.
13:38 of 2nd period - Vincent Lecavalier wins face-off versus Matt Moulson in neutral zone.
13:40 of 2nd period - Minor Penalty to Vincent Lecavalier for Hooking.
13:41 of 2nd period - Vernon Fiddler wins face-off versus James van Riemsdyk in BlueJackets zone.
13:49 of 2nd period - Snap shot by Logan Couture.
13:49 of 2nd period - Deflect By Daniel Alfredsson.
13:49 of 2nd period - Shot Blocked by Tobias Enstrom.
13:49 of 2nd period - Puck is out of play.
13:50 of 2nd period - Vernon Fiddler wins face-off versus James van Riemsdyk in BlueJackets zone.
14:01 of 2nd period - Ron Hainsey is hit by James van Riemsdyk and loses puck.
14:14 of 2nd period - Snap shot by Daniel Alfredsson.
14:14 of 2nd period - Stopped by Joni Ortio with a rebound.
14:16 of 2nd period - Slapshot by Kevin Shattenkirk.
14:16 of 2nd period - Stopped by Joni Ortio with a rebound.
14:18 of 2nd period - Wrist shot by Logan Couture.
14:18 of 2nd period - Shot Misses the Net.
14:36 of 2nd period - Kevin Bieksa is hit by Ron Hainsey and loses puck.
14:47 of 2nd period - Slapshot by Jay McClement.
14:47 of 2nd period - Stopped by Joni Ortio with a rebound.
14:49 of 2nd period - Slapshot by Jamie McBain.
14:49 of 2nd period - Stopped by Joni Ortio with a rebound.
15:27 of 2nd period - Slapshot by Daniel Sedin.
15:27 of 2nd period - Shot Misses the Net.
15:40 of 2nd period - Penalty to Vincent Lecavalier is over, Vincent Lecavalier is back on ice.
16:04 of 2nd period - Ryan Garbutt is hit by Brad Richardson.
16:20 of 2nd period - Carl Gunnarsson is hit by Brad Richardson and loses puck.
16:31 of 2nd period - Slapshot by Matt Moulson.
16:31 of 2nd period - Shot Misses the Net.
16:37 of 2nd period - Jeff Skinner is hit by Ryan Garbutt.
17:01 of 2nd period - Snap shot by James van Riemsdyk.
17:01 of 2nd period - Shot Misses the Net.
17:03 of 2nd period - Snap shot by Maxim Lapierre.
17:03 of 2nd period - Shot Misses the Net.
17:23 of 2nd period - Snap shot by Daniel Alfredsson.
17:23 of 2nd period - Shot Misses the Net.
17:25 of 2nd period - Slapshot by Francis Bouillon.
17:25 of 2nd period - Deflect By Vincent Lecavalier.
17:25 of 2nd period - Stopped by Joni Ortio without a rebound.
17:26 of 2nd period - David Desharnais wins face-off versus James van Riemsdyk in BlueJackets zone.
17:32 of 2nd period - Minor Penalty to James van Riemsdyk for Roughing.
17:33 of 2nd period - Brad Richardson wins face-off versus Daniel Winnik in Rangers zone.
17:49 of 2nd period - Slapshot by Brent Burns.
17:49 of 2nd period - Deflect By Erik Cole.
17:49 of 2nd period - Stopped by Jaroslav Halak with a rebound.
18:01 of 2nd period - Kevin Shattenkirk is hit by Brent Burns.
18:17 of 2nd period - Minor Penalty to Tobias Enstrom for Delaying the game.
18:18 of 2nd period - Brent Burns wins face-off versus Jeff Skinner in BlueJackets zone.
18:38 of 2nd period - Snap shot by Brent Burns.
18:38 of 2nd period - Shot Misses the Net.
19:05 of 2nd period - Jeff Skinner is hit by Brent Burns and loses puck.
19:32 of 2nd period - Penalty to James van Riemsdyk is over, James van Riemsdyk is back on ice.
19:46 of 2nd period - Backhand shot by Kevin Shattenkirk.
19:46 of 2nd period - Goal by Kevin Shattenkirk - Rangers : 2 - BlueJackets : 2.
19:47 of 2nd period - David Desharnais wins face-off versus Jay McClement in neutral zone.
19:54 of 2nd period - Wrist shot by Derick Brassard.
19:54 of 2nd period - Shot Blocked by Kevin Bieksa.
Goals for this period are 1 for Rangers vs 1 for BlueJackets.
Shots for this period are 10 for Rangers vs 3 for BlueJackets.

3rd period


0:01 of 3rd period - David Desharnais wins face-off versus James van Riemsdyk in neutral zone.
0:10 of 3rd period - Wrist shot by David Desharnais.
0:10 of 3rd period - Stopped by Jaroslav Halak without a rebound.
0:11 of 3rd period - David Desharnais wins face-off versus James van Riemsdyk in Rangers zone.
0:15 of 3rd period - Minor Penalty to James van Riemsdyk for Hooking.
0:16 of 3rd period - Vernon Fiddler wins face-off versus Brad Richardson in Rangers zone.
0:51 of 3rd period - Slapshot by Tobias Enstrom.
0:51 of 3rd period - Stopped by Jaroslav Halak with a rebound.
1:18 of 3rd period - Barret Jackman is hit by Brent Burns and loses puck.
1:35 of 3rd period - Wrist shot by Erik Cole.
1:35 of 3rd period - Shot Misses the Net.
2:15 of 3rd period - Penalty to James van Riemsdyk is over, James van Riemsdyk is back on ice.
2:17 of 3rd period - David Desharnais is hit by Barret Jackman and loses puck.
4:34 of 3rd period - Minor Penalty to James van Riemsdyk for Hooking.
4:35 of 3rd period - Vernon Fiddler wins face-off versus Logan Couture in Rangers zone.
5:15 of 3rd period - Icing by Tobias Enstrom.
5:16 of 3rd period - Jay McClement wins face-off versus Vernon Fiddler in BlueJackets zone.
5:19 of 3rd period - Backhand shot by Kevin Shattenkirk.
5:19 of 3rd period - Stopped by Joni Ortio with a rebound.
5:59 of 3rd period - Ron Hainsey is hit by Kevin Shattenkirk.
6:05 of 3rd period - Carl Gunnarsson is hit by Kevin Bieksa.
6:34 of 3rd period - Penalty to James van Riemsdyk is over, James van Riemsdyk is back on ice.
7:20 of 3rd period - Slapshot by Derick Brassard.
7:20 of 3rd period - Shot Misses the Net.
9:08 of 3rd period - Snap shot by Derick Brassard.
9:08 of 3rd period - Shot Misses the Net.
9:10 of 3rd period - Wrist shot by Gabriel Bourque.
9:10 of 3rd period - Stopped by Jaroslav Halak without a rebound.
9:11 of 3rd period - Jeff Halpern wins face-off versus Daniel Winnik in Rangers zone.
9:18 of 3rd period - Gabriel Bourque is hit by Maxim Lapierre and loses puck.
9:45 of 3rd period - Nate Guenin is hit by Ryan Garbutt and loses puck.
10:42 of 3rd period - Wrist shot by David Desharnais.
10:42 of 3rd period - Deflect By Derick Brassard.
10:42 of 3rd period - Stopped by Jaroslav Halak with a rebound.
10:44 of 3rd period - Snap shot by Gabriel Bourque.
10:44 of 3rd period - Shot Misses the Net.
10:52 of 3rd period - Kevin Klein is hit by Logan Couture and loses puck.
11:07 of 3rd period - Dustin Brown is hit by Maxim Lapierre and loses puck.
11:41 of 3rd period - Andrew Ference is hit by Logan Couture and loses puck.
12:08 of 3rd period - Wrist shot by Brent Burns.
12:08 of 3rd period - Deflect By Daniel Winnik.
12:08 of 3rd period - Shot Blocked by Kevin Bieksa.
12:08 of 3rd period - Kevin Bieksa from Rangers is injured at 12:08 of 3rd period (Torn Left MCL).
12:09 of 3rd period - James van Riemsdyk wins face-off versus Vincent Lecavalier in Rangers zone.
12:09 of 3rd period - James van Riemsdyk is hit by Dustin Brown.
12:31 of 3rd period - Snap shot by Logan Couture.
12:31 of 3rd period - Goal by Logan Couture - Rangers : 3 - BlueJackets : 2.
12:32 of 3rd period - James van Riemsdyk wins face-off versus Vincent Lecavalier in neutral zone.
12:39 of 3rd period - Slapshot by Vincent Lecavalier.
12:39 of 3rd period - Shot Blocked by Francis Bouillon.
12:41 of 3rd period - Snap shot by Dustin Brown.
12:41 of 3rd period - Shot Misses the Net.
12:43 of 3rd period - Wrist shot by Andrew Ference.
12:43 of 3rd period - Stopped by Jaroslav Halak without a rebound.
12:44 of 3rd period - Teddy Purcell wins face-off versus James van Riemsdyk in Rangers zone.
13:01 of 3rd period - Snap shot by Vincent Lecavalier.
13:01 of 3rd period - Shot Blocked by Francis Bouillon.
13:17 of 3rd period - Wrist shot by Teddy Purcell.
13:17 of 3rd period - Stopped by Jaroslav Halak with a rebound.
13:19 of 3rd period - Slapshot by Ron Hainsey.
13:19 of 3rd period - Deflect By Dustin Brown.
13:19 of 3rd period - Shot Blocked by Kevin Shattenkirk.
13:19 of 3rd period - Puck is out of play.
13:20 of 3rd period - Jay McClement wins face-off versus Ryan Garbutt in Rangers zone.
13:43 of 3rd period - Snap shot by Brent Burns.
13:43 of 3rd period - Stopped by Jaroslav Halak with a rebound.
14:26 of 3rd period - Ron Hainsey is hit by Barret Jackman and loses puck.
15:03 of 3rd period - Kevin Shattenkirk is hit by Dustin Brown and loses puck.
15:12 of 3rd period - Wrist shot by Vincent Lecavalier.
15:12 of 3rd period - Stopped by Jaroslav Halak without a rebound.
15:13 of 3rd period - Todd Bertuzzi wins face-off versus Vincent Lecavalier in Rangers zone.
15:20 of 3rd period - Snap shot by Philip Larsen.
15:20 of 3rd period - Goal by Philip Larsen - Rangers : 4 - BlueJackets : 2.
15:21 of 3rd period - Teddy Purcell wins face-off versus Jay McClement in neutral zone.
15:30 of 3rd period - Snap shot by Teddy Purcell.
15:30 of 3rd period - Stopped by Jaroslav Halak with a rebound.
15:32 of 3rd period - Slapshot by Ron Hainsey.
15:32 of 3rd period - Stopped by Jaroslav Halak with a rebound.
15:34 of 3rd period - Slapshot by Vincent Lecavalier.
15:34 of 3rd period - Shot Misses the Net.
15:36 of 3rd period - Slapshot by Andrew Ference.
15:36 of 3rd period - Stopped by Jaroslav Halak with a rebound.
15:38 of 3rd period - Wrist shot by Dustin Brown.
15:38 of 3rd period - Stopped by Jaroslav Halak without a rebound.
15:39 of 3rd period - Vincent Lecavalier wins face-off versus Todd Bertuzzi in Rangers zone.
15:48 of 3rd period - Snap shot by Vincent Lecavalier.
15:48 of 3rd period - Shot Misses the Net.
15:54 of 3rd period - Wrist shot by Teddy Purcell.
15:54 of 3rd period - Stopped by Jaroslav Halak with a rebound.
15:56 of 3rd period - Slapshot by Andrew Ference.
15:56 of 3rd period - Stopped by Jaroslav Halak with a rebound.
15:58 of 3rd period - Slapshot by Andrew Ference.
15:58 of 3rd period - Deflect By Vincent Lecavalier.
15:58 of 3rd period - Shot Blocked by Daniel Sedin.
15:58 of 3rd period - Puck is out of play.
15:59 of 3rd period - James van Riemsdyk wins face-off versus Erik Cole in Rangers zone.
16:04 of 3rd period - Wrist shot by Logan Couture.
16:04 of 3rd period - Shot Blocked by Tobias Enstrom.
16:06 of 3rd period - Slapshot by Barret Jackman.
16:06 of 3rd period - Stopped by Joni Ortio with a rebound.
16:10 of 3rd period - Snap shot by James van Riemsdyk.
16:10 of 3rd period - Stopped by Joni Ortio without a rebound.
16:11 of 3rd period - Erik Cole wins face-off versus James van Riemsdyk in BlueJackets zone.
16:11 of 3rd period - Erik Cole is hit by Barret Jackman.
16:47 of 3rd period - Logan Couture is hit by Andrej Meszaros and loses puck.
17:02 of 3rd period - Gabriel Bourque is hit by Todd Bertuzzi and loses puck.
17:07 of 3rd period - Snap shot by Daniel Sedin.
17:07 of 3rd period - Stopped by Joni Ortio with a rebound.
17:15 of 3rd period - Snap shot by Daniel Sedin.
17:15 of 3rd period - Shot Misses the Net.
17:17 of 3rd period - Snap shot by Daniel Sedin.
17:17 of 3rd period - Shot Misses the Net.
18:10 of 3rd period - Wrist shot by Matt Moulson.
18:10 of 3rd period - Stopped by Joni Ortio with a rebound.
18:12 of 3rd period - Slapshot by Kevin Shattenkirk.
18:12 of 3rd period - Stopped by Joni Ortio without a rebound.
18:13 of 3rd period - Jeff Halpern wins face-off versus Vernon Fiddler in BlueJackets zone.
18:18 of 3rd period - Snap shot by James van Riemsdyk.
18:18 of 3rd period - Shot Misses the Net.
18:24 of 3rd period - Wrist shot by James van Riemsdyk.
18:24 of 3rd period - Shot Blocked by Kevin Klein.
18:38 of 3rd period - Snap shot by James van Riemsdyk.
18:38 of 3rd period - Shot Blocked by Carl Gunnarsson.
19:12 of 3rd period - Ron Hainsey is hit by Kevin Shattenkirk.
Goals for this period are 2 for Rangers vs 0 for BlueJackets.
Shots for this period are 8 for Rangers vs 14 for BlueJackets.


Output by the SimonT Hockey Simulator (STHS) for Eric Dolegowski -- Original Page W3C XHTML 1.0 Valid
Hockey Simulator - Hockey Simulation - Hockey Manager